 Dungeon Crawl Stone Soup version 0.27.1-2-g3b301248ec (webtiles) character file.

Game seed: 17951879601642646293

53013 MisterFreud the Ripper (level 14, -3/70 HPs)
             Began as a Felid Berserker on Sept 25, 2021.
             Was the Champion of Trog.
             Shot with an arrow by Nessos (21 damage)
             ... on level 14 of the Dungeon.
             The game lasted 00:44:22 (26104 turns).

MisterFreud the Ripper (Felid Berserker)           Turns: 26104, Time: 00:44:24

Health: -3/70      AC:  7    Str: 13    XL:     14   Next: 29%
Magic:  15/15      EV: 30    Int:  9    God:    Trog [******]
Gold:   2654       SH:  0    Dex: 20    Spells: 13/13 levels left
                                        Lives:  0   Deaths: 3

rFire    . . .     SeeInvis +     - Unarmed
rCold    + . .     Faith    .   (shield unavailable)
rNeg     . . .     Spirit   .   (armour unavailable)
rPois    .         Reflect  .   (helmet unavailable)
rElec    .         Harm     .   (cloak unavailable)
rCorr    .         Rampage  .   (gloves unavailable)
Will     ++...                  (boots unavailable)
Stlth    ++++++....             x - amulet of regeneration
HPRegen  1.21/turn              s - +4 ring of protection
MPRegen  0.14/turn              F - +4 ring of slaying

@: lethally poisoned (-3 -> -10), quick
A: very small, claws 1, fangs 3, see invisible, speed 1, shaggy fur 3, stealthy
paws, no weapons or thrown items, no armour, multi-lived
a: Renounce Religion, Berserk, Trog's Hand, Brothers in Arms


You were on level 14 of the Dungeon.
You worshipped Trog.
Trog was exalted by your worship.
You visited 3 branches of the dungeon, and saw 22 of its levels.
You also visited: Ossuary and Bailey.

You collected 2654 gold pieces.

Inventory:

Jewellery
 f - a +4 ring of evasion
 g - a ring of resist corrosion
 s - a +4 ring of protection (left paw)
 x - an amulet of regeneration (around neck)
 B - a ring of poison resistance
 D - a ring of ice
 E - a +4 ring of protection
 F - a +4 ring of slaying (right paw)
 H - an amulet of faith
Wands
 e - a wand of paralysis (16)
 h - a wand of flame (64)
 r - a wand of digging (12)
 u - a wand of acid (23)
 C - a wand of iceblast (14)
Scrolls
 b - a scroll of silence
 d - 3 scrolls of summoning
 j - a scroll of torment
 l - 2 scrolls of fear
 n - a scroll of fog
 o - a scroll of immolation
 v - a scroll of holy word
 y - 4 scrolls of magic mapping
 G - 2 scrolls of teleportation
Potions
 a - 4 potions of invisibility
 c - 10 potions of curing {unknown}
 i - 2 potions of flight {unknown}
 k - 7 potions of might
 m - 2 potions of magic
 p - 8 potions of ambrosia
 q - 3 potions of berserk rage
 t - 2 potions of resistance
 w - 3 potions of lignification
 z - 2 potions of haste
 I - 2 potions of heal wounds


   Skills:
 + Level 13.5 Fighting
 - Level 15.0 Dodging
 + Level 14.8 Stealth
 + Level 17.2 Unarmed Combat
 - Level 10.0 Evocations


You had 13 spell levels left.
You didn't know any spells.
Your spell library was empty.

Dungeon Overview and Level Annotations

Branches:
Dungeon (14/15)            Temple (0/1) D:6            Lair (6/6) D:8
 Shoals (0/4) Lair:4       Spider (0/4) Lair:2        Slime (0/5) Lair:5
    Orc (2/2) D:9             Elf (0/3) Orc:2        Vaults (0/5) D:14
Ossuary (visited)          Bailey (visited)

Altars:
Cheibriados
Dithmenos
Fedhas
Gozag
Hepliaklqana
Makhleb
Okawaru
Trog
Xom

Shops:
D:14 =   Orc:1 =   Orc:2 [=[[

Annotations:
D:5 2 transporters, MisterFreud's ghost, novice GnWn
D:14 Nessos; Urug
Lair:1 exclusion: 3 oklob plants
Lair:3 exclusion: oklob plant


Innate Abilities, Weirdness & Mutations

You have sharp claws.
You have razor-sharp teeth.
You have supernaturally acute eyesight. (SInv)
You cover ground quickly. (Speed+)
Your thick and shaggy fur keeps you warm. (AC +3, rC+)
Your paws help you pounce on unaware monsters.
You are incapable of wielding weapons or throwing items.
You cannot wear armour.
You gain extra lives every three experience levels.


Message History

You catch the helpless human completely off-guard!
You eviscerate the human!!!
You kill the human!
Trog accepts your kill.
There are monsters nearby!
There is an open door here.
There are monsters nearby!
There are monsters nearby!
A troll comes into view.
Nessos shouts!
You see here a potion of lignification.
A wizard comes into view. It is wielding a +2 dagger of pain.
The wizard shouts!
You hear an angry buzzing noise.
The human shouts!
The troll shouts!
Nessos shoots an arrow.
The arrow completely misses you.
The human shouts!
Nessos casts a spell.
Nessos seems to speed up.
The human hits you.
Nessos shoots an arrow.
The arrow hits you! The arrow burns you.
You are poisoned.
The human shouts!
You mangle the human!! You claw the human!
You kill the human!
Trog accepts your kill.
You feel sick.
You feel sick.
Nessos shoots an arrow.
The arrow completely misses you.
Nessos stands on their hind legs for a moment.
The meliai invokes the aid of its god against you.
Something smites you!
You feel sick.
Nessos shoots an arrow.
The arrow hits you! The arrow burns you.
You are more poisoned.
You hear a bellow!
The human shouts!
You see here a potion of lignification.
You feel very sick.
You hear a shout!
The meliai invokes the aid of its god against you.
Something smites you!
* * * LOW HITPOINT WARNING * * *
Nessos shoots an arrow.
The arrow hits you!!
You die...

.# #############.#
##############.............#
#...........##....$........#
#...........##..p..p.......#
#.....†.....'@!.y..p......[.
####†).........#....c..><......
#..†)..........###.....<∩Y.....
..##...........# #..T.(........
####...........# #.............
#...........# #.............
####'######## #.............
#..# #p###.######.. #.# ... #.
#


You could see Nessos (fast), a wizard, a troll, 2 humans and a meliai.

Vanquished Creatures
  Rupert (D:14)
  An orc warlord (Orc:1)
  Harold (D:10)
  5 hydras
  3 boulder beetles
  2 ogre magi
  7 centaur warriors
  A catoblepas (Lair:3)
  13 two-headed ogres
  2 death knights
  10 death yaks
  Sonja (D:10)
  Nergalle (Lair:1)
  2 skeletal warriors (D:14)
  An iron troll (Orc:1)
  A deep troll (Orc:1)
  A phantasmal warrior (D:14)
  A lindwurm (Lair:6)
  2 wolf spider zombies (D:14)
  5 orc knights (Bailey)
  A necromancer (D:14)
  3 cyclopes
  2 orc sorcerers (Orc:1)
  An elephant (D:9)
  A manticore (D:12)
  4 black mambas
  Joseph (D:10)
  Maurice (Orc:2)
  2 gargoyles
  11 cane toads
  7 kobold demonologists
  2 rime drakes
  6 komodo dragons
  A freezing wraith (D:14)
  14 trolls
  A queen bee (D:14)
  2 meliai (D:14)
  5 hornets
  Grinder (D:4)
  7 polar bears
  6 dream sheep
  25 slime creatures
  27 blink frogs
  8 spriggans (Lair:6)
  33 yaks
  A vampire (D:12)
  4 wyverns
  9 humans (D:14)
  5 basilisks
  2 shadows (D:13)
  A wraith (D:11)
  4 steam dragons
  Grum (D:10)
  4 vampire mosquitoes (D:13)
  An acid dragon (D:11)
  19 water moccasins
  An ice beast (D:5)
  15 orc warriors
  A swamp drake (D:9)
  24 ogres
  7 black bears
  51 wolves
  A phantom (D:7)
  4 boggarts (Lair:6)
  15 centaurs
  2 kobold brigands
  14 bullfrogs
  A gnoll sergeant (D:9)
  3 scorpions
  A water moccasin zombie (D:6)
  A wyvern zombie (D:9)
  21 killer bees (D:14)
  2 electric eels
  4 howler monkeys
  A bullfrog zombie (D:5)
  2 jellies (D:6)
  A bullfrog skeleton (D:4)
  5 centaur zombies
  Crazy Yiuf (D:4)
  2 hounds
  11 orc priests
  2 gnoll shamans (D:8)
  3 centaur skeletons
  An iguana (D:7)
  Ijyb (D:5)
  21 orc wizards
  3 mummies
  4 howler monkey zombies
  15 gnolls
  8 adders
  2 white imps
  2 ufetubi
  3 worms
  3 dart slugs
  91 orcs
  3 bats
  14 endoplasms
  4 giant cockroaches
  5 gnoll zombies (Ossuary)
  11 goblins
  7 hobgoblins
  6 jackals
  6 quokkas
  11 ball pythons
  2 frilled lizards
  2 goblin zombies (Ossuary)
  4 hobgoblin zombies (Ossuary)
  7 kobolds
  2 orc zombies (Ossuary)
  5 rats
723 creatures vanquished.

Vanquished Creatures (collateral kills)
  Donald (Orc:2)
  2 death yaks (Lair:6)
  A komodo dragon (Lair:6)
  A polar bear (Lair:6)
  A hornet (Lair:6)
  4 spriggans (Lair:6)
  5 yaks (Lair:6)
  2 orc warriors (Bailey)
  5 wolves (Lair:6)
  An orc (Bailey)
23 creatures vanquished.

Vanquished Creatures (others)
  28 fungi
  44 plants
72 creatures vanquished.

Grand Total: 818 creatures vanquished

Notes
Turn   | Place    | Note
-------+----------+-------------------------------------------
     0 | D:1      | MisterFreud the Felid Berserker began the quest for the
                  | Orb.
     0 | D:1      | Reached XP level 1. HP: 10/10 MP: 2/2
    61 | D:1      | Reached skill level 1 in Stealth
   154 | D:1      | Reached XP level 2. HP: 14/14 MP: 3/3
  1250 | D:2      | Reached XP level 3. HP: 17/17 MP: 4/4
  1403 | D:2      | Noticed a black bear
  1416 | D:2      | Killed a black bear
  1417 | D:2      | Reached skill level 4 in Unarmed Combat
  1417 | D:2      | Reached XP level 4. HP: 17/21 MP: 5/5
  1515 | D:2      | Reached ** piety under Trog
  1774 | D:2      | Reached XP level 5. HP: 24/24 MP: 6/6
  2000 | D:2      | Found a bloodstained altar of Trog.
  2462 | D:3      | Found an opulent altar of Gozag.
  2478 | D:3      | Reached skill level 5 in Stealth
  2827 | D:3      | Reached skill level 5 in Unarmed Combat
  2948 | D:3      | Found a snail-covered altar of Cheibriados.
  3451 | D:4      | Gained mutation: You are covered in thick fur. (AC +2)
                  | [Felid growth]
  3451 | D:4      | Reached XP level 6. HP: 4/28 MP: 7/7
  3884 | D:4      | Noticed Grinder
  4117 | D:4      | Reached *** piety under Trog
  4253 | D:4      | Killed Grinder
  4254 | D:4      | Reached skill level 6 in Unarmed Combat
  4254 | D:4      | Reached skill level 5 in Dodging
  4254 | D:4      | Reached XP level 7. HP: 26/31 MP: 8/8
  4386 | D:4      | Found a runed translucent door.
  4387 | D:4      | Noticed Crazy Yiuf
  4396 | D:4      | Killed Crazy Yiuf
  5327 | D:4      | Found a shadowy altar of Dithmenos.
  5702 | D:5      | Entered Level 5 of the Dungeon
  5704 | D:5      | Found a transporter.
  6222 | D:5      | Found a sand-covered staircase.
  6231 | Ossuary  | Entered an ossuary
  6870 | D:5      | Reached XP level 8. HP: 34/34 MP: 9/9
  6872 | D:5      | Reached **** piety under Trog
  6925 | D:5      | Found a transporter.
  7051 | D:5      | Reached skill level 10 in Dodging
  7120 | D:5      | Noticed Ijyb
  7126 | D:5      | Killed Ijyb
  7187 | D:5      | Noticed MisterFreud's ghost (novice GnWn)
  7189 | D:5      | Noticed a hornet
  7514 | D:6      | Found a staircase to the Ecumenical Temple.
  7547 | D:6      | Reached skill level 5 in Fighting
  8062 | D:6      | Reached skill level 1 in Evocations
  8459 | D:7      | Reached XP level 9. HP: 38/41 MP: 10/10
  8896 | D:7      | Reached skill level 7 in Unarmed Combat
  9166 | D:7      | Found a burning altar of Makhleb.
  9729 | D:8      | Noticed an elephant
  9822 | D:9      | Reached ***** piety under Trog
  9847 | D:9      | Slain by an elephant
  9848 | D:9      | Reached XP level 8. HP: -2/57 MP: 9/9
  9917 | D:9      | Noticed a hornet
  9934 | D:9      | Noticed a hornet
  9943 | D:9      | Killed a hornet
 10214 | D:9      | Killed a hornet
 10215 | D:9      | Reached skill level 5 in Evocations
 10442 | D:9      | Reached XP level 9. HP: 41/41 MP: 10/10
 10614 | D:9      | Reached skill level 8 in Unarmed Combat
 10682 | D:9      | Found a staircase to the Orcish Mines.
 10902 | D:9      | Found a blossoming altar of Fedhas.
 10993 | D:9      | Reached skill level 10 in Stealth
 11061 | D:9      | Noticed a gargoyle
 11073 | D:9      | Killed a gargoyle
 11130 | D:8      | Reached skill level 9 in Unarmed Combat
 11191 | D:8      | Found a staircase to the Lair.
 11642 | D:8      | Reached XP level 10. HP: 45/45 MP: 11/11
 11856 | Lair:1   | Entered Level 1 of the Lair of Beasts
 11856 | Lair:1   | Noticed Nergalle
 11863 | Lair:1   | Killed Nergalle
 11864 | Lair:1   | Reached skill level 10 in Unarmed Combat
 11941 | Lair:1   | Noticed a cane toad
 11951 | Lair:1   | Killed a cane toad
 11990 | Lair:1   | Noticed an oklob plant
 11990 | Lair:1   | Noticed an oklob plant
 11992 | Lair:1   | Noticed an oklob plant
 12066 | Lair:1   | Noticed a cane toad
 12073 | Lair:1   | Killed a cane toad
 12536 | Lair:1   | Noticed a black mamba
 12544 | Lair:1   | Killed a black mamba
 12788 | Lair:2   | Reached XP level 11. HP: 52/52 MP: 12/12
 12898 | Lair:2   | Noticed a six-headed hydra
 12957 | Lair:2   | Noticed a death yak
 12957 | Lair:2   | Noticed a death yak
 13020 | Lair:1   | Killed a death yak
 13120 | Lair:1   | Killed a death yak
 13192 | Lair:2   | Noticed a death yak
 13199 | Lair:2   | Killed a death yak
 13252 | Lair:2   | Reached skill level 10 in Fighting
 13372 | Lair:2   | Killed a six-headed hydra
 13615 | Lair:2   | Found a hole to the Spider Nest.
 13699 | Lair:2   | Reached skill level 15 in Dodging
 13957 | Lair:3   | Gained mutation: Your thick and shaggy fur keeps you warm.
                  | (AC +3, rC+) [Felid growth]
 13957 | Lair:3   | Reached XP level 12. HP: 58/58 MP: 13/13
 13968 | Lair:3   | Noticed a six-headed hydra
 14080 | Lair:3   | Noticed a catoblepas
 14085 | Lair:3   | Killed a catoblepas
 14189 | Lair:3   | HP: 2/58 [blink frog (15)]
 14457 | Lair:3   | Found a dark tunnel.
 14553 | Lair:3   | Reached ****** piety under Trog
 14843 | Lair:3   | Killed a six-headed hydra
 14976 | Lair:3   | Reached skill level 11 in Unarmed Combat
 15402 | Lair:4   | Found a staircase to the Shoals.
 15697 | Lair:5   | Noticed an eight-headed hydra
 15705 | Lair:5   | Killed an eight-headed hydra
 15726 | Lair:5   | Found a staircase to the Slime Pits.
 16259 | Lair:5   | Reached skill level 12 in Unarmed Combat
 16336 | Lair:5   | Reached skill level 10 in Evocations
 16471 | Lair:5   | Noticed a five-headed hydra
 16480 | Lair:5   | Killed a five-headed hydra
 16690 | Lair:5   | Reached XP level 13. HP: 61/61 MP: 14/14
 16829 | Lair:6   | Entered Level 6 of the Lair of Beasts
 17137 | Lair:5   | Reached skill level 13 in Unarmed Combat
 17505 | Lair:6   | Reached skill level 14 in Unarmed Combat
 17796 | Lair:6   | Identified the +6 dagger "Dragonslayer" {spect, rN+ Int+4}
 18148 | Lair:6   | Reached skill level 15 in Unarmed Combat
 18154 | Lair:6   | Identified the +4 ring mail of Ulof {Slay+5}
 19155 | D:9      | Reached XP level 14. HP: 66/66 MP: 15/15
 19420 | D:10     | Entered Level 10 of the Dungeon
 19428 | D:10     | Noticed Harold
 19438 | D:10     | Killed Harold
 19662 | D:10     | Noticed Grum
 19668 | D:10     | Killed Grum
 19691 | D:10     | Noticed Sonja
 19695 | D:10     | Killed Sonja
 19984 | D:10     | Noticed Joseph
 20005 | D:10     | Killed Joseph
 20076 | D:10     | Found a shimmering altar of Xom.
 20271 | D:10     | Found a hazy altar of Hepliaklqana.
 21314 | D:12     | Slain by a slime creature
 21315 | D:12     | Reached XP level 13. HP: -4/94 MP: 14/14
 21881 | D:13     | Found an iron altar of Okawaru.
 21901 | D:13     | Reached skill level 16 in Unarmed Combat
 22773 | D:14     | Noticed Rupert
 22773 | D:14     | Noticed Urug
 22773 | D:14     | Noticed Nessos
 22773 | D:14     | Found a gate to the Vaults.
 22984 | Orc:1    | Entered Level 1 of the Orcish Mines
 23314 | Orc:1    | Reached XP level 14. HP: 69/69 MP: 15/15
 23333 | Orc:1    | Found Qottog's Jewellery Emporium.
 23472 | Orc:1    | Found a flagged portal.
 23487 | Bailey   | Entered a bailey
 23863 | Orc:2    | Entered Level 2 of the Orcish Mines
 23863 | Orc:2    | Found a staircase to the Elven Halls.
 23869 | Orc:2    | Noticed an orc warlord
 23892 | Orc:1    | Killed an orc warlord
 24678 | Orc:2    | Found Goek's Armour Boutique.
 24683 | Orc:2    | Found Muwok's Armour Emporium.
 24803 | Orc:2    | Found Xalona's Antique Armour Shop.
 24804 | Orc:2    | Found Davo Qul's Jewellery Boutique.
 24841 | Orc:2    | Noticed Donald
 24852 | Orc:2    | Killed Donald
 24992 | Orc:2    | Noticed Maurice
 24996 | Orc:2    | Killed Maurice
 25358 | D:14     | Slain by a death knight
 25359 | D:14     | Reached XP level 13. HP: 0/97 MP: 14/14
 25480 | D:14     | Found Baqaf's Jewellery Shop.
 25539 | D:14     | Killed Rupert
 25540 | D:14     | Reached skill level 17 in Unarmed Combat
 25710 | D:14     | Reached XP level 14. HP: 49/70 MP: 15/15
 26104 | D:14     | Shot with an arrow by Nessos

Illustrated notes

Levels and vault maps discovered:
D:1:      heliophobic_arrival_enchanted_forest, layout_loops_cross,
          serial_co_window_serial, co_window_paths_b, co_window_paths_b,
          co_window_paths_a, co_window_paths_b, co_window_of_opportunity_a,
          co_window_corner_ca, co_window_2corner, co_window_broadway_b,
          glass_columns_a, minmay_misc_feat_rugged, supply_closet_lemuel,
          minmay_stone_trees_small, minivault_14
D:2:      layout_loops_corners, basic_altar, minmay_domino_4
D:3:      layout_basic, slow_altar_2,
          nicolae_gozag_cash_rules_everything_around_me
D:4:      layout_basic, mainiacjoe_overflow_24_doors,
          hangedman_decor_peaks_small, grunt_ministairs_12,
          minmay_fractal_squares_gapless_5, uniq_grinder,
          uniq_crazy_yiuf_cottage
D:5:      layout_basic, gammafunk_ghost_arena, gup_sewer_entry_bowl,
          nicolae_ossuary_entry_plus, minmay_misc_feat_encased, uniq_ijyb
D:6:      layout_gridville, temple_statues
D:7:      layout_basic, mainiacjoe_overflow_boulevard, solitary_fountain
D:8:      layout_gridville, david_lair_generic
D:9:      layout_loops_ring, erik_orc_1, kennysheep_flooded_box,
          ebering_dispersal_statue_hall, minmay_increasing_density
D:10:     kennysheep_steamy, layout_basic, mainiacjoe_overflow_alcove_1,
          mainiacjoe_overflow_alcove_2, uniq_harold, uniq_grum, uniq_sonja,
          uniq_joseph
D:11:     layout_irregular_city
D:12:     layout_roguey, roderic_roman_lattice
D:13:     layout_roguey, nrook_loot_triangle, kennysheep_okawaru_gauntlet
D:14:     layout_roguey [special_room_bee], david_vaults_3,
          amcnicky_mini_pool_small, serial_shops, nicolae_take_the_stairs,
          doesnt_xom_only_xom
Lair:1:   dpeg_oklob_gauntlet, layout_regular_city, uniq_nergalle
Lair:2:   layout_long_grid, dummy_spider_entry, beast_lair_carwin_11,
          grunt_megastairs_3
Lair:3:   layout_loops_ring, nicolae_volcano_entry_s_turn,
          minmay_lair_oklob_chamber, lemuel_fruit_fields
Lair:4:   layout_regular_city, minmay_shoals_entry_centaurs
Lair:5:   layout_gridlike, slime_dummy, grunt_forest_large_clearings
Lair:6:   minmay_lair_end_enchanted_forest, layout_small_grid,
          serial_bayou_shore_a
Orc:1:    layout_caves, serial_shops, shop, enter_bailey_3
Orc:2:    st_orc_open, layout_caves, uniq_donald, uniq_maurice

Skill      XL: |  1  2  3  4  5  6  7  8  9 10 11 12 13 14 |
---------------+-------------------------------------------+-----
Stealth        | 1 2 4 6 9 10 14 13 | 14.8
Unarmed Combat | 4 5 6 9 10 12 17 | 17.2
Dodging        | 5 9 10 12 15 | 15.0
Fighting       | 6 8 10 13 11 | 13.5
Evocations     | 5 6 10 | 10.0

Action                   |  1- 3 |  4- 6 |  7- 9 | 10-12 | 13-15 || total
-------------------------+-------+-------+-------+-------+-------++-------
Melee: Unarmed           |    69 |   120 |   505 |   592 |  1241 ||  2527
       Bite              |     6 |    16 |    71 |    82 |   158 ||   333
       Punch             |       |     1 |    18 |    38 |   125 ||   182
Invok: Berserk           |     2 |     4 |    16 |    13 |    38 ||    73
       Trog's Hand       |       |     1 |     2 |     3 |    10 ||    16
       Brothers in Arms  |       |       |       |       |     6 ||     6
Evoke: Wand              |       |       |       |     1 |     5 ||     6
  Use: Scroll            |       |       |       |    20 |     7 ||    27
       Potion            |       |       |       |     1 |     1 ||     2
 Stab: Sleeping          |     1 |    13 |    23 |    26 |    30 ||    93
       Distracted        |       |     1 |     5 |     1 |    10 ||    17
       Confused          |       |       |     1 |       |       ||     1
       Paralysed         |       |       |       |       |     1 ||     1
Armor: Skin              |     5 |     3 |    29 |    48 |    83 ||   168
Dodge: Dodged            |    62 |    66 |   412 |   756 |  1454 ||  2750
